 Dungeon Crawl Stone Soup version 0.29-a0-598-gd8304a5bf4 (webtiles) character file.

Game seed: 14294558060094468875

49 Heh the Skirmisher (level 3, -1/27 HPs)
             Began as an Octopode Monk on June 16, 2022.
             Slain by an orc wizard
             ... wielding a +0 dagger
              (3 damage)
             ... on level 3 of the Dungeon.
             The game lasted 00:01:19 (1107 turns).

Heh the Skirmisher (Octopode Monk)                  Turns: 1107, Time: 00:01:20

Health: -1/27      AC:  1    Str: 10    XL:     3   Next: 77%
Magic:  3/3        EV: 14    Int: 12    God:
Gold:   49         SH:  0    Dex: 18    Spells: 2/2 levels left

rFire   . . .      SeeInvis .   a - +0 short sword
rCold   + . .      Faith    .   (no shield)
rNeg    . . .      Spirit   .   (helmet restricted)
rPois   .          Reflect  .   (no amulet)
rElec   .          Harm     .   (no ring)
rCorr   .          Rampage  .   (no ring)
Will    .....                   (no ring)
Stlth   ++........              (no ring)
HPRegen 0.09/turn               (no ring)
MPRegen 0.08/turn               (no ring)
                                (no ring)
                                (no ring)

@: confused
A: almost no armour, amphibious, 8 rings, camouflage 1, gelatinous body 1,
(nimble swimmer 1), tentacles, agile 1, cold resistance 1
a: no special abilities


You were on level 3 of the Dungeon.
You visited 1 branch of the dungeon, and saw 3 of its levels.

You collected 49 gold pieces.

Inventory:

Hand Weapons
 a - a +0 short sword (weapon)
Scrolls
 d - a scroll of immolation {unknown}
 e - a scroll of amnesia {unknown}
 g - 2 scrolls of identify {unknown}
 i - a scroll of poison {unknown}
Potions
 h - a potion of haste {unknown}


   Skills:
 + Level 4.6 Fighting
 - Level 3.0 Short Blades
 - Level 3.0 Dodging
 - Level 2.6 Stealth


You had 2 spell levels left.
You didn't know any spells.
Your spell library was empty.

Dungeon Overview and Level Annotations

Branches:
Dungeon (3/15)

Altars:


Innate Abilities, Weirdness & Mutations

You cannot wear most types of armour.
You are amphibious.
You can wear up to eight rings at the same time.
Your skin changes colour to match your surroundings (Stealth+).
Your rubbery body absorbs attacks. (AC +1, EV +1)
((You are camouflaged when in or above water. (Stealth+)))
You have tentacles for arms and can constrict up to eight enemies at once.
You are agile. (Dex +2)
Your flesh is cold resistant. (rC+)


Message History

You nearly hit yourself!
Something hits you but does no damage.
You completely miss something. Something hits you but does no damage.
You hit something. Something hits you but does no damage.
You nearly hit yourself!
Something hits you but does no damage.
You swing at nothing.
Something hits you but does no damage.
You nearly hit yourself!
Your transformation is almost over.
You feel less confused. Something hits you but does no damage.
You closely miss something. Something hits you but does no damage.
You hit something but do no damage. Something hits you but does no damage.
You hit something. Something hits you but does no damage.
You barely miss something. Something hits you but does no damage.
You miss something.
An orc wizard appears from thin air!
Reactivating autopickup.
The orc wizard gestures at you while chanting.
You are confused.
You nearly hit yourself!
The orc wizard hits you but does no damage.
You swing at nothing.
The orc wizard casts a spell at you.
The puff of flame hits you but does no damage.
You attack the rock wall.
The orc wizard hits you but does no damage.
You hit the orc wizard.
The orc wizard is almost dead.
You feel less wooden.
The orc wizard hits you with a +0 dagger.
* * * LOW HITPOINT WARNING * * *
You're too confused to attack without stumbling around!
You bump into the rock wall.
The orc wizard hits you with a +0 dagger.
* * * LOW HITPOINT WARNING * * *
You bump into the rock wall.
You feel less confused. The orc wizard casts a spell at you.
You are confused.
It was a potion of mutation.
You feel extremely strange.
You feel resistant to cold.
You feel agile.
The orc wizard hits you with a +0 dagger.
You die...

#.# #.# #.#
##.## #
###.l.##.#
....... #)).#
###########.#
#......@o.).#
#.#####.#####
#.# #.# #.#
#.#####.#
#....<..#
#########


You could see an orc wizard.

Vanquished Creatures
  3 adders (D:2)
  A worm (D:2)
  3 orcs (D:3)
  2 ball pythons (D:2)
  An endoplasm (D:2)
  3 giant cockroaches (D:2)
  A quokka (D:2)
  A bat (D:2)
  A frilled lizard (D:3)
  3 rats (D:2)
19 creatures vanquished.

Notes
Turn   | Place    | Note
-------+----------+-------------------------------------------
     0 | D:1      | Heh the Octopode Monk began the quest for the Orb.
     0 | D:1      | Reached XP level 1. HP: 16/16 MP: 1/1
   242 | D:2      | Reached XP level 2. HP: 9/22 MP: 2/2
   588 | D:2      | Reached skill level 4 in Fighting
   588 | D:2      | Reached XP level 3. HP: 27/27 MP: 3/3
  1107 | D:3      | Gained mutation: Your flesh is cold resistant. (rC+)
                  | [potion of mutation]
  1107 | D:3      | Gained mutation: You are agile. (Dex +2) [potion of
                  | mutation]
  1107 | D:3      | Slain by an orc wizard

Illustrated notes

Levels and vault maps discovered:
D:1:      grunt_arrival_crossed_arrows, layout_rooms,
          shapermc_ecumenical_altar_totnotflames
D:2:      layout_loops_corners, minmay_randomly_rotated_circles, uniq_terence
D:3:      layout_loops_ring, nrook_mini_backslash, guppyfry_early_lair_pool,
          uniq_jessica

Skill      XL: |  1  2 |
---------------+-------+-----
Fighting       | 4 |  4.6
Short Blades   | |  3.0
Dodging        | |  3.0
Stealth        | |  2.6

Action                   || total
-------------------------++-------
Melee: Short sword       ||    64
       Tentacles         ||     9
       Constrict         ||    10
  Use: Potion            ||     3
 Stab: Sleeping          ||     5
Armor: Skin              ||    26
Dodge: Dodged            ||    22

Table legend: (Time is in decaauts)
 A = Elapsed time spent in this place.
 B = Non-inter-level travel time spent in this place.
 C = Inter-level travel time spent in this place.
 D = Time resting spent in this place.
 E = Time spent auto-exploring this place.
 F = Levels seen in this place.
 G = Mean time per level.
                   A        B        C        D        E       F      G
               +--------+--------+--------+--------+--------+-----+--------+
         Total |   1103 |   1103 |      0 |    430 |    488 |   3 |  367.7 |
       Dungeon |   1103 |   1103 |      0 |    430 |    488 |   3 |  367.7 |
               +--------+--------+--------+--------+--------+-----+--------+

Top non-repeatable levels by time:
     D:2: 1011 daAuts
     D:3: 69 daAuts
     D:1: 22 daAuts
